Map: Lightshade LE

Players

RedDogRiz - Winner!

  • Race: Protoss Protoss
  • League: Master

ViBE

  • Race: Zerg Zerg
  • League: Master

VOD

Have the link to the VOD?

Description

Time

  • Played on: May 5, 2021, 8:13 p.m.
  • Length: 6:34
Show
View Real Time Build Order
Export as new Build Order

RedDogRiz Protoss - Winner!

Build Orders: 1 Gate Expand 

Get SALT Encoding   

  12  0:00  Probe  
  13  0:12  Probe  
  14  0:20  Pylon  
  14  0:24  Probe  
  15  0:38  Probe  
  16  0:44  Gateway  
  16  0:50  Probe  
  16  0:52  Assimilator  
  17  1:02  Probe  
  18  1:14  Probe  
  19  1:21  Nexus  
  19  1:32  Cybernetics Core  
  19  1:34  Probe  
  19  1:39  Assimilator  
  20  1:46  Pylon  
  20  1:51  Probe  
  21  2:03  Probe  
  21  2:07  Stalker (Chrono Boost)  
  22  2:08  Forge  
  22  2:13  Warp Gate  
  22  2:15  Probe  
  25  2:27  Probe  
  26  2:32  Probe  
  26  2:34  Twilight Council  
  27  2:39  Probe  
  28  2:45  Probe  
  28  2:50  Protoss Ground Weapons Level 1 (Chrono Boost)  
  29  2:51  Probe  
  29  2:54  Gateway  
  29  2:58  Charge (Chrono Boost)  
  30  3:01  Probe  
  30  3:04  Probe  
  32  3:13  Probe  
  32  3:18  Pylon  
  32  3:19  Probe  
  34  3:26  Probe  
  35  3:39  Robotics Facility  
  35  3:40  Gateway  
  35  3:42  Gateway  
  35  3:52  Gateway  
  35  3:53  Gateway  
  35  3:54  Gateway  
  35  3:59  Gateway  
  35  4:03  Pylon  
  35  4:13  Pylon  
  35  4:17  Pylon  
  35  4:22  Warp Prism (Chrono Boost), Zealot x2  
  41  4:32  Probe x2  
  43  4:39  Zealot x2  
  43  4:45  Zealot x2  
  51  4:48  Zealot  
  51  4:49  Zealot  
  51  5:02  Zealot x4  
  59  5:10  Zealot x2  
  59  5:11  Zealot  
  59  5:13  Stalker  
  67  5:22  Zealot x2  
  65  5:31  Zealot x2  
  65  5:32  Zealot  
  65  5:33  Zealot  
  61  5:42  Zealot x2  
  61  5:43  Zealot  
  61  5:47  Zealot  
  65  5:53  Zealot x2  
  69  5:57  Zealot  
  65  6:09  Zealot x4  
  59  6:18  Zealot x2  
  59  6:19  Zealot  
  61  6:30  Zealot x3  
Show
View Real Time Build Order
Export as new Build Order

ViBE Zerg 

Build Orders: Hatch First 

Get SALT Encoding   

  12  0:00  Drone  
  13  0:12  Overlord  
  13  0:17  Drone  
  14  0:30  Drone x2  
  16  0:47  Hatchery  
  15  0:51  Drone  
  15  0:54  Drone  
  17  1:01  Drone  
  18  1:10  Extractor  
  17  1:15  Spawning Pool  
  17  1:17  Drone  
  17  1:23  Drone  
  18  1:30  Drone  
  19  1:43  Overlord  
  19  1:49  Drone  
  20  2:00  Drone  
  20  2:01  Drone  
  22  2:02  Queen x2  
  26  2:15  Drone x2, Metabolic Boost  
  28  2:29  Drone x2  
  30  2:34  Hatchery  
  29  2:40  Overlord  
  29  2:42  Drone  
  30  2:47  Overlord  
  30  2:53  Overlord  
  30  3:01  Drone  
  30  3:02  Drone, Queen  
  34  3:09  Drone  
  35  3:14  Drone  
  35  3:17  Roach Warren  
  35  3:24  Overlord x2  
  35  3:27  Drone x3  
  35  3:28  Drone  
  39  3:38  Queen  
  39  3:39  Queen  
  43  3:49  Queen  
  43  3:50  Overlord  
  45  3:59  Overlord  
  45  4:00  Overlord  
  45  4:05  Roach  
  45  4:06  Roach x2  
  45  4:08  Roach  
  55  4:10  Roach  
  55  4:13  Roach  
  55  4:15  Roach  
  59  4:22  Queen  
  61  4:24  Queen  
  63  4:31  Queen  
  63  4:34  Roach  
  63  4:35  Roach  
  69  4:39  Zergling x4  
  69  4:40  Zergling x2  
  73  4:45  Zergling x2  
  73  4:46  Zergling x4  
  71  5:01  Zergling x2  
  71  5:02  Zergling x16  
  80  5:07  Overlord  
  80  5:13  Queen  
  82  5:17  Queen  
  69  5:33  Roach x3  
  69  5:34  Roach x4  
  68  5:41  Roach  
  63  5:45  Zergling x4  
  63  5:46  Zergling x8  
  61  6:00  Zergling x4, Roach  
  61  6:01  Zergling x2  
  62  6:08  Zergling x6  
  62  6:09  Zergling x2  
Tags
 
Add a new tag
Caveats
  • Supply blocks, unpowered buildings, or Contaminate may cause inaccurate times.
  • Supply counts are checked every 10 seconds.